3L
MONTANA PANDAS @ SEATTLE AVIATORS
09/03/2024
 
TOP OF THE 1ST
Montana Pandas batting - Pitching for Seattle Aviators : RHP Eduardo Molina
Pitching: RHP Eduardo Molina
Batting: RHB Rob Warner 0-0: Swinging Strike
0-1: Foul Ball, location: 2F
0-2: Foul Ball, location: 2F
0-2: Strikes out looking
Batting: RHB Pancho Salaedo 0-0: Foul Ball, location: 2F
0-1: Ball
1-1: Ball
2-1: Ball
3-1: Called Strike
3-2: Foul Ball, location: 2F
3-2: Base on Balls
Batting: LHB Luis Velázquez 0-0: Ball
1-0: Ground out U3 (Groundball, 3S)
Pancho Salaedo to second
Batting: RHB Brent Ryan 0-0: Ball
1-0: Fly out, F7 (Flyball, 78M)
Top of the 1st over - 0 run(s), 0 hit(s), 0 error(s), 1 left on base; Montana 0 - Seattle 0
BOTTOM OF THE 1ST
Seattle Aviators batting - Pitching for Montana Pandas : RHP Greg White
Pitching: RHP Greg White
Batting: RHB Tynan Hawkins 0-0: Ball
1-0: Foul Ball, location: 2F
1-1: Foul Ball, location: 2F
1-2: Ball
2-2: Foul Ball, location: 2F
2-2: Ground out 1-3 (Groundball, 15)
Batting: LHB Jorge Mojica 0-0: Swinging Strike
0-1: Swinging Strike
0-2: Ball
1-2: Foul Ball, location: 2F
1-2: Foul Ball, location: 2F
1-2: SINGLE (Line Drive, 6D)
Batting: RHB Tanyu Kimura 0-0: Called Strike
0-1: Ball
1-1: Ball
2-1: Ball
3-1: Foul Ball, location: 2F
3-2: Foul Ball, location: 2F
3-2: Base on Balls
Jorge Mojica to second
Batting: LHB Kenny Webster 0-0: Called Strike
0-1: Foul Ball, location: 2F
0-2: Strikes out swinging
Batting: RHB Sean Davis 0-0: Swinging Strike
0-1: Foul Ball, location: 2F
0-2: Strikes out swinging
Bottom of the 1st over - 0 run(s), 1 hit(s), 0 error(s), 2 left on base; Montana 0 - Seattle 0
TOP OF THE 2ND
Montana Pandas batting - Pitching for Seattle Aviators : RHP Eduardo Molina
Batting: RHB Luis Muñóz 0-0: SINGLE (Groundball, 4M)
Batting: RHB Ted Cook 0-0: Grounds into double play, 2-6-3 (Groundball, 2L)
Batting: RHB Dani Trejo 0-0: Fly out, F8 (Line Drive, 8LM)
Top of the 2nd over - 0 run(s), 1 hit(s), 0 error(s), 0 left on base; Montana 0 - Seattle 0
BOTTOM OF THE 2ND
Seattle Aviators batting - Pitching for Montana Pandas : RHP Greg White
Batting: LHB Ramón García 0-0: Ball
1-0: Called Strike
1-1: Foul Ball, location: 2F
1-2: Ball
2-2: Strikes out looking
Batting: LHB Brad Lawrence 0-0: Called Strike
0-1: Foul Ball, location: 2F
0-2: Reached on error, E6 (Groundball, 6M)
Batting: RHB Bob McNeil 0-0: Ball
1-0: Ground out 5-3 (Groundball, 15S)
Brad Lawrence to third
Batting: RHB Kenzaburo Hori 0-0: Ball
1-0: Ball
2-0: Called Strike
2-1: Ball
3-1: Base on Balls
Batting: RHB Tynan Hawkins 0-0: Ball
1-0: Foul Ball, location: 2F
1-1: Foul Ball, location: 2F
1-2: Fielders Choice at 2nd, U4 (Groundball, 4M)
Bottom of the 2nd over - 0 run(s), 0 hit(s), 1 error(s), 2 left on base; Montana 0 - Seattle 0
TOP OF THE 3RD
Montana Pandas batting - Pitching for Seattle Aviators : RHP Eduardo Molina
Batting: LHB António González 0-0: Called Strike
0-1: Ball
1-1: Ball
2-1: Called Strike
2-2: Ball
3-2: Foul Ball, location: 2F
3-2: Foul Ball, location: 2F
3-2: Strikes out swinging
Batting: RHB Jim Scott 0-0: Fly out, F6 (Popup, 6S)
Batting: RHB Rob Warner 0-0: Swinging Strike
0-1: SINGLE (Groundball, 56D)
Batting: RHB Pancho Salaedo 0-0: Foul Ball, location: 2F
0-1: Swinging Strike
0-2: Ground out 1-3 (Groundball, 13S)
Top of the 3rd over - 0 run(s), 1 hit(s), 0 error(s), 1 left on base; Montana 0 - Seattle 0
BOTTOM OF THE 3RD
Seattle Aviators batting - Pitching for Montana Pandas : RHP Greg White
Batting: LHB Jorge Mojica 0-0: Called Strike
0-1: Called Strike
0-2: Ball
1-2: Ball
2-2: Strikes out swinging
Batting: RHB Tanyu Kimura 0-0: Called Strike
0-1: Ground out 4-3 (Groundball, 34)
Batting: LHB Kenny Webster 0-0: Called Strike
0-1: Foul Ball, location: 2F
0-2: Foul Ball, location: 2F
0-2: Ball
1-2: Ball
2-2: Ground out U3 (Groundball, 3)
Bottom of the 3rd over - 0 run(s), 0 hit(s), 0 error(s), 0 left on base; Montana 0 - Seattle 0
TOP OF THE 4TH
Montana Pandas batting - Pitching for Seattle Aviators : RHP Eduardo Molina
Batting: LHB Luis Velázquez 0-0: Ball
1-0: SINGLE (Line Drive, 4M)
Batting: RHB Brent Ryan 0-0: Swinging Strike
0-1: Ball
1-1: Swinging Strike
1-2: Strikes out swinging
Batting: RHB Luis Muñóz 0-0: Foul Ball, location: 2F
0-1: Ball
1-1: Ball
2-1: Swinging Strike
2-2: Grounds into double play, 6-4-3 (Groundball, 6M)
Top of the 4th over - 0 run(s), 1 hit(s), 0 error(s), 0 left on base; Montana 0 - Seattle 0
BOTTOM OF THE 4TH
Seattle Aviators batting - Pitching for Montana Pandas : RHP Greg White
Batting: RHB Sean Davis 0-0: Ball
1-0: Foul Ball, location: 2F
1-1: Called Strike
1-2: Ball
2-2: Ball
3-2: Foul Ball, location: 2F
3-2: Foul Ball, location: 2F
3-2: Strikes out looking
Batting: LHB Ramón García 0-0: Ball
1-0: Ball
2-0: SOLO HOME RUN (Flyball, 9D), Distance : 336 ft
Batting: LHB Brad Lawrence 0-0: Ball
1-0: Foul Ball, location: 2F
1-1: Ball
2-1: Foul Ball, location: 2F
2-2: Fly out, F6 (Popup, 6D)
Batting: RHB Bob McNeil 0-0: Called Strike
0-1: Foul Ball, location: 2F
0-2: Foul Ball, location: 2F
0-2: Ball
1-2: Ground out 6-3 (Groundball, 6M)
Bottom of the 4th over - 1 run(s), 1 hit(s), 0 error(s), 0 left on base; Montana 0 - Seattle 1
TOP OF THE 5TH
Montana Pandas batting - Pitching for Seattle Aviators : RHP Eduardo Molina
Batting: RHB Ted Cook 0-0: Foul Ball, location: 2F
0-1: Ball
1-1: Swinging Strike
1-2: Ball
2-2: Ball
3-2: Strikes out swinging
Batting: RHB Dani Trejo 0-0: Swinging Strike
0-1: Called Strike
0-2: Ball
1-2: Strikes out swinging
Batting: LHB António González 0-0: Ball
1-0: Ball
2-0: Foul Ball, location: 2F
2-1: Foul Ball, location: 2F
2-2: Ball
3-2: Strikes out swinging
Top of the 5th over - 0 run(s), 0 hit(s), 0 error(s), 0 left on base; Montana 0 - Seattle 1
BOTTOM OF THE 5TH
Seattle Aviators batting - Pitching for Montana Pandas : RHP Greg White
Batting: RHB Kenzaburo Hori 0-0: Fly out, F9 (Line Drive, 89M)
Batting: RHB Tynan Hawkins 0-0: Foul Ball, location: 2F
0-1: Foul Ball, location: 2F
0-2: Foul Ball, location: 2F
0-2: Foul Ball, location: 2F
0-2: Foul Ball, location: 2F
0-2: Ball
1-2: Ball
2-2: SINGLE (Flyball, 89S)
Pitching: RHP Shi-lin Li
Batting: LHB Jorge Mojica 0-0: Called Strike
0-1: Ball
1-1: Ball
2-1: Called Strike
2-2: Ground out 1-3 (Groundball, 13S)
Tynan Hawkins to second
Batting: RHB Tanyu Kimura 0-0: Ball
1-0: Fly out, F7 (Popup, 78S)
Bottom of the 5th over - 0 run(s), 1 hit(s), 0 error(s), 1 left on base; Montana 0 - Seattle 1
TOP OF THE 6TH
Montana Pandas batting - Pitching for Seattle Aviators : RHP Eduardo Molina
Batting: RHB Jim Scott 0-0: Foul Ball, location: 2F
0-1: Ball
1-1: SINGLE (Line Drive, 89S)
Batting: RHB Rob Warner 0-0: Called Strike
0-1: Foul Ball, location: 2F
0-2: Foul Ball, location: 2F
0-2: Fly out, F7 (Flyball, 7M)
Batting: RHB Pancho Salaedo 0-0: Called Strike
0-1: Swinging Strike
0-2: Grounds into double play, 6-4-3 (Groundball, 6)
Top of the 6th over - 0 run(s), 1 hit(s), 0 error(s), 0 left on base; Montana 0 - Seattle 1
BOTTOM OF THE 6TH
Seattle Aviators batting - Pitching for Montana Pandas : RHP Shi-lin Li
Batting: LHB Kenny Webster 0-0: Foul Ball, location: 2F
0-1: Called Strike
0-2: Ball
1-2: Ball
2-2: Foul Ball, location: 2F
2-2: Ball
3-2: Foul Ball, location: 2F
3-2: Fly out, F8 (Flyball, 8LM)
Batting: RHB Sean Davis 0-0: Ground out 4-3 (Groundball, 4M)
Batting: LHB Ramón García 0-0: Ball
1-0: Called Strike
1-1: Called Strike
1-2: Foul Ball, location: 2F
1-2: Ball
2-2: SINGLE (Flyball, 8LS)
Batting: LHB Brad Lawrence 0-0: Called Strike
0-1: Called Strike
0-2: Foul Ball, location: 2F
0-2: Ball
1-2: Ball
Throwing error on steal attempt, E2
Ramón García to third
2-2: Fly out, F4 (Line Drive, 4M)
Bottom of the 6th over - 0 run(s), 1 hit(s), 1 error(s), 1 left on base; Montana 0 - Seattle 1
TOP OF THE 7TH
Montana Pandas batting - Pitching for Seattle Aviators : RHP Eduardo Molina
Batting: LHB Luis Velázquez 0-0: Ball
1-0: Ball
2-0: Ball
3-0: Base on Balls
Batting: RHB Brent Ryan 0-0: Called Strike
0-1: Ball
1-1: Ground out 5-3 (Groundball, 6S)
Luis Velázquez to second
Batting: RHB Luis Muñóz 0-0: Ball
1-0: Ball
2-0: Ground out 1-3 (Groundball, 13S)
Luis Velázquez to third
Batting: RHB Ted Cook 0-0: Ball
1-0: Ball
2-0: SINGLE (Groundball, 5S) (infield hit)
Luis Velázquez scores
Batting: RHB Dani Trejo 0-0: Ball
1-0: Called Strike
1-1: Ball
2-1: Swinging Strike
2-2: Strikes out swinging
Top of the 7th over - 1 run(s), 1 hit(s), 0 error(s), 1 left on base; Montana 1 - Seattle 1
BOTTOM OF THE 7TH
Seattle Aviators batting - Pitching for Montana Pandas : RHP Shi-lin Li
Pitching: RHP Frank Walker
Batting: RHB Bob McNeil 0-0: Foul Ball, location: 2F
0-1: Called Strike
0-2: Ball
1-2: Foul Ball, location: 2F
1-2: Strikes out swinging
Batting: RHB Kenzaburo Hori 0-0: Ball
1-0: Ball
2-0: Called Strike
2-1: Foul Ball, location: 2F
2-2: Foul Ball, location: 2F
2-2: Strikes out swinging
Batting: RHB Tynan Hawkins 0-0: Ball
1-0: Ball
2-0: Swinging Strike
2-1: Foul Ball, location: 2F
2-2: Strikes out swinging
Bottom of the 7th over - 0 run(s), 0 hit(s), 0 error(s), 0 left on base; Montana 1 - Seattle 1
TOP OF THE 8TH
Montana Pandas batting - Pitching for Seattle Aviators : RHP Eduardo Molina
Batting: LHB António González 0-0: Ground out 4-3 (Groundball, 4)
Batting: RHB Jim Scott 0-0: Ball
1-0: Ball
2-0: Ball
3-0: Ground out 4-3 (Groundball, 4)
Batting: RHB Rob Warner 0-0: Swinging Strike
0-1: Swinging Strike
0-2: Ball
1-2: Foul Ball, location: 2F
1-2: Strikes out swinging
Top of the 8th over - 0 run(s), 0 hit(s), 0 error(s), 0 left on base; Montana 1 - Seattle 1
BOTTOM OF THE 8TH
Seattle Aviators batting - Pitching for Montana Pandas : RHP Frank Walker
Batting: LHB Jorge Mojica 0-0: Ball
1-0: Ground out 1-3 (Groundball, 15)
Batting: RHB Tanyu Kimura 0-0: Foul Ball, location: 2F
0-1: Hit by Pitch
Batting: LHB Kenny Webster 0-0: Ball
1-0: Grounds into double play, 6-4-3 (Groundball, 6M)
Bottom of the 8th over - 0 run(s), 0 hit(s), 0 error(s), 0 left on base; Montana 1 - Seattle 1
TOP OF THE 9TH
Montana Pandas batting - Pitching for Seattle Aviators : RHP Eduardo Molina
Batting: RHB Pancho Salaedo 0-0: Ground out 5-3 (Groundball, 5S)
Batting: LHB Luis Velázquez 0-0: Foul Ball, location: 2F
0-1: Swinging Strike
0-2: Ball
1-2: Strikes out swinging
Pitching: RHP Ken Hinkle
Batting: RHB Brent Ryan 0-0: Called Strike
0-1: Ball
1-1: Ball
2-1: Called Strike
2-2: Foul Ball, location: 2F
2-2: Ball
3-2: Strikes out looking
Top of the 9th over - 0 run(s), 0 hit(s), 0 error(s), 0 left on base; Montana 1 - Seattle 1
BOTTOM OF THE 9TH
Seattle Aviators batting - Pitching for Montana Pandas : RHP Frank Walker
Pinch Hitting: RHB Vernon Caw 0-0: Called Strike
0-1: Called Strike
0-2: Ball
1-2: Ball
2-2: Strikes out swinging
Batting: LHB Ramón García Reached via error on a dropped throw, E3
Batting: LHB Brad Lawrence 0-0: Ball
1-0: Ball
2-0: Called Strike
2-1: Ball
3-1: Called Strike
3-2: Foul Ball, location: 2F
3-2: Strikes out swinging
Batting: RHB Bob McNeil 0-0: Ball
Ramón García is caught stealing 2nd base
Bottom of the 9th over - 0 run(s), 0 hit(s), 1 error(s), 0 left on base; Montana 1 - Seattle 1
TOP OF THE 10TH
Montana Pandas batting - Pitching for Seattle Aviators : RHP Ken Hinkle
Now at 3B: Vernon Caw
Batting: RHB Luis Muñóz 0-0: Ball
1-0: Swinging Strike
1-1: Ball
2-1: Ball
3-1: Called Strike
3-2: Strikes out swinging
Batting: RHB Ted Cook 0-0: Ball
1-0: Called Strike
1-1: Foul Ball, location: 2F
1-2: Hit by Pitch
Batting: RHB Dani Trejo 0-0: Swinging Strike
0-1: Ball
1-1: Ball
2-1: Foul Ball, location: 2F
2-2: Strikes out swinging
Batting: LHB António González 0-0: Ball
1-0: Foul Ball, location: 2F
1-1: Foul Ball, location: 2F
1-2: Fly out, F4 (Popup, 4D)
Top of the 10th over - 0 run(s), 0 hit(s), 0 error(s), 1 left on base; Montana 1 - Seattle 1
BOTTOM OF THE 10TH
Seattle Aviators batting - Pitching for Montana Pandas : RHP Frank Walker
Batting: RHB Bob McNeil 0-0: Ground out 5-3 (Groundball, 5S)
Batting: RHB Kenzaburo Hori 0-0: Ball
1-0: Swinging Strike
1-1: Ball
2-1: Called Strike
2-2: Strikes out swinging
Batting: RHB Tynan Hawkins 0-0: Called Strike
0-1: Foul Ball, location: 2F
0-2: Ball
1-2: TRIPLE (Line Drive, 9LM)
Batting: LHB Jorge Mojica 0-0: SINGLE (Groundball, 4MS) (infield hit)
Tynan Hawkins scores
This league is powered by Out of the Park Baseball, the baseball management simulation game for PC, Mac and Linux
Monday, October 3rd, 2016 - OOTP Baseball 16.9 Build 39